[Event "*** SCC Grand Prix: Titled Tuesday Blitz"]
[Site "Chess.com"]
[Date "2020.07.07"]
[Round "7"]
[White "Smile2005"]
[Black "Falia-p"]
[Result "0-1"]
[WhiteElo "2450"]
[BlackElo "2319"]
[TimeControl "180+1"]
[EndTime "11:19:53 PDT"]
[Termination "Falia-p won by resignation"]

1. b3 Nf6 2. Bb2 g6 3. Bxf6 exf6 4. e3 d5 5. d4 c6 6. c4 Be6 7. Nc3 h5 8. h4 Bb4 9. Rc1 Qa5 10.
Qd2 Nd7 11. cxd5 cxd5 12. Nge2 Rc8 13. g3 O-O 14. Bg2 Bg4 15. f3 Be6 16. Kf2 Ba3 17.
Rcd1 Bb4 18. Rc1 Rc6 19. Qd3 Ba3 20. Rcd1 Bb4 21. Rc1 Rfc8 22. Na4 Bf5 23. e4 dxe4 24. fxe4 Bg4 25. Rxc6 Rxc6 26. e5 fxe5 27. Bxc6 bxc6 28. Rc1 Bxe2 29. Qxe2 exd4 30. Rxc6 Ne5 31. Rc8+ Kg7 32. Rc5 Ng4+ 33. Qxg4 Bxc5 34. Nxc5 Qxc5 35. Kf1 Qc1+ 36. Kf2 Qe3+ 37. Kf1 d3 38. Qf4 Qxf4+ 39. gxf4 Kf6 40. Ke1 Kf5 41. Kd2 Kxf4 42. Kxd3 Ke5 43. b4 Kd5 44. a4 f6 45. Kc3 g5 46. hxg5 fxg5 0-1

[Event "*** SCC Grand Prix: Titled Tuesday Blitz"]
[Site "Chess.com"]
[Date "2020.07.07"]
[Round "7"]
[White "Grischuk"]
[Black "kirillshevchenko"]
[Result "1/2-1/2"]
[WhiteElo "3062"]
[BlackElo "2962"]
[TimeControl "180+1"]
[EndTime "11:19:54 PDT"]
[Termination "Game drawn by repetition"]

1. Nf3 Nf6 2. d4 g6 3. c4 Bg7 4. Nc3 O-O 5. e4 d6 6. h3 e5 7. d5 Nh5 8. g3 f5 9. exf5 gxf5 10. Nh4 Nf6 11. Bg5 Na6 12. Bd3 f4 13. Qe2 Nc5 14. O-O-O Nxd3+ 15. Qxd3 fxg3 16. fxg3 h6 17. Bxf6 Bxf6 18.
Rdf1 Bd7 19. Qg6+ Bg7 20. Ne4 Qe7 21. Nf5 Bxf5 22. Rxf5 Rxf5 23. Qxf5 Rf8 24. Qg6 Qd7 25. g4 Qa4 26. Kb1 Qxc4 27. g5 Rf1+ 28. Rxf1 Qxf1+ 29. Kc2 Qf7 30. Qxf7+ Kxf7 31. gxh6 Bxh6 32. Kd3 Kg6 33. a4 a6 34. b4 Bf8 35. b5 axb5 36. axb5 Be7 37. Ke3 Kh5 38. Ng3+ Kg5 39. Kf3 Bd8 40.
Ne4+ Kh4 41. Kg2 Be7 42. Nd2 Kg5 43. Kf3 Kf5 44. Ne4 b6 45. Ng3+ Kg5 46. Ne4+ Kf5 47. Ng3+ Kg5 48. Ne4+ Kf5 1/2-1/2

[Event "*** SCC Grand Prix: Titled Tuesday Blitz"]
[Site "Chess.com"]
[Date "2020.07.07"]
[Round "7"]
[White "sewin16"]
[Black "Legendinunknown"]
[Result "1/2-1/2"]
[WhiteElo "2416"]
[BlackElo "2553"]
[TimeControl "180+1"]
[EndTime "11:19:54 PDT"]
[Termination "Game drawn by repetition"]

1. e4 c5 2. Nf3 d6 3. d4 cxd4 4. Nxd4 Nf6 5. Nc3 a6 6. Bg5 e6 7. Qe2 Be7 8. O-O-O Qc7 9. f4 Nbd7 10. g4 b5 11. Bg2 Bb7 12. e5 Bxg2 13. Qxg2 O-O 14. exf6 gxf6 15. Bh6 Rfc8 16. f5 b4 17. g5 Kh8 18.
gxf6 Bxf6 19. Ne4 Rg8 20. Qd2 Be5 21. fxe6 fxe6 22. Kb1 Qc4 23. Ng5 Rg6 24. Nf7+ Kg8 25. Nxe5 Nxe5 26. Rhg1 Rc8 27. Rxg6+ Nxg6 28. Qf2 e5 29. Qf6 Qf7 30. Qxf7+ Kxf7 31. Nf5 Ke6 32. Ne3 Ne7 33. Bg5 Nf5 34. Nxf5 Kxf5 35. Be7 Ke6 36. Bh4 Rg8 37. Bg3 h5 38. b3 Rg4 39. Kb2 h4 40.
Bf2 Rf4 41. Bg1 Re4 42. a3 a5 43. axb4 axb4 44. Rd3 Re1 45. Bf2 Re2 46. Bxh4 Rxh2 47. Be1 d5 48. Bxb4 d4 49. Ba5 Kd5 50. Bb6 Re2 51. b4 Kc4 52. Bc5 Rg2 53. Rd1 Re2 54.
Rd3 Rg2 55. Rd1 Re2 56. Bd6 e4 57. Bc5 d3 58. Rc1 e3 59. Bxe3 Rxe3 60. cxd3+ Kxb4 61.
Kc2 Re2+ 62. Kd1 Rh2 63. Rc4+ Kb5 64. Ke1 Ra2 65. Kd1 Rh2 66. Kc1 Rg2 67. Kd1 Rh2 1/2-1/2

[Event "*** SCC Grand Prix: Titled Tuesday Blitz"]
[Site "Chess.com"]
[Date "2020.07.07"]
[Round "7"]
[White "JiiHart"]
[Black "Synctel"]
[Result "0-1"]
[WhiteElo "2116"]
[BlackElo "1935"]
[TimeControl "180+1"]
[EndTime "11:19:55 PDT"]
[Termination "Synctel won on time"]

1. e4 e6 2. d4 d5 3. Nc3 Nf6 4. Bg5 Bb4 5. e5 h6 6. Bd2 Bxc3 7. bxc3 Ne4 8. Qg4 g6 9. Bd3 Nxd2 10. Kxd2 c5 11. h4 Nc6 12. Nf3 Qc7 13. Rab1 Bd7 14. Rb2 O-O-O 15. Rhb1 Na5 16. dxc5 Qxc5 17. Qd4 Qxd4 18.
cxd4 Kb8 19. Ke2 Rc8 20. Nd2 b6 21. Rb4 Rc7 22. g4 h5 23. g5 Bc6 24. a4 Rhc8 25.
f4 Ka8 26. Ke3 Bb7 27. R4b2 Rc3 28. Rb4 Nc4+ 29. Ke2 Nxd2 30. Kxd2 Ra3 31. R1b3 Ra2 32. Rc3 Rxc3 33. Kxc3 Kb8 34. Rb1 Rxa4 35. Bb5 Ra5 36. Be8 Ra3+ 37. Kd2 Rf3 38. Bxf7 Rxf4 39. Bxe6 Rxd4+ 40. Kc3 Rxh4 41. Bf7 Rg4 42. e6 Re4 43. Rf1 Bc8 44.
Rf6 Kc7 45. Rxg6 Kd6 46. Rg8 Bxe6 47. Rd8+ Ke7 0-1

[Event "*** SCC Grand Prix: Titled Tuesday Blitz"]
[Site "Chess.com"]
[Date "2020.07.07"]
[Round "7"]
[White "canary2016"]
[Black "Alexandercs432"]
[Result "0-1"]
[WhiteElo "1912"]
[BlackElo "2130"]
[TimeControl "180+1"]
[EndTime "11:19:55 PDT"]
[Termination "Alexandercs432 won on time"]

1. d4 Nf6 2. c4 e6 3. g3 d5 4. Bg2 Be7 5. Nf3 O-O 6. O-O dxc4 7. a4 Nc6 8. Nc3 a6 9. Bf4 Rb8 10. a5 Nd5 11. e4 Nxf4 12. gxf4 Bb4 13. Qe2 Nxa5 14.
Rad1 b5 15. d5 Qe7 16. Nd4 Bb7 17. dxe6 fxe6 18. Qg4 Rbe8 19. Bh3 Rf6 20. Qf3 Rg6+ 21. Kh1 Bc5 22. Nxe6 Rxe6 23. Bxe6+ Qxe6 24. Rfe1 Nb3 25. Rg1 b4 26. Qg2 Bf8 27. Nd5 Bxd5 28. exd5 Qf6 29. Qg3 Nc5 30. Ra1 Nd3 31. Rad1 Nxf4 32. d6 cxd6 33. Rde1 Rxe1 34. Rxe1 d5 35. Re8 Qf7 36. Rb8 Ng6 37. Rb6 c3 38. Rxa6 cxb2 39. Qb3 d4 40.
Qxb2 Qd5+ 0-1

[Event "*** SCC Grand Prix: Titled Tuesday Blitz"]
[Site "Chess.com"]
[Date "2020.07.07"]
[Round "7"]
[White "AlexSuv"]
[Black "alexrustemov"]
[Result "0-1"]
[WhiteElo "2567"]
[BlackElo "2732"]
[TimeControl "180+1"]
[EndTime "11:19:56 PDT"]
[Termination "alexrustemov won by resignation"]

1. d4 f5 2. g3 Nf6 3. Bg2 d6 4. Nf3 g6 5. O-O Bg7 6. c4 O-O 7. Nc3 Nc6 8. d5 Na5 9. Qd3 c5 10. Rb1 a6 11. b3 Rb8 12. Ng5 Ne8 13. Bb2 Nc7 14. e4 b5 15. exf5 Bxf5 16. Be4 bxc4 17. bxc4 Rb4 18. Bxf5 Rxf5 19. f4 Nxc4 20. Ba1 Nb6 21.
Qe2 Bd4+ 22. Kg2 Rxb1 23. Rxb1 Nbxd5 24. Nxd5 Rxd5 25. Ne6 Re5 26. fxe5 Nxe6 27. exd6 Qxd6 28. Re1 Kf7 29. Qf3+ Ke8 30. Qa8+ Nd8 31. Qe4 Kd7 32. Rd1 Nc6 33. Bb2 e5 34. Bc1 Qe6 35. Rf1 Qxa2+ 36. Kh1 Qe6 37. Qd3 Qd5+ 38. Qf3 Qxf3+ 39. Rxf3 Ke6 40.
Ra3 Nb4 41. Bd2 e4 42. Bxb4 cxb4 43. Rxa6+ Kd5 44. Kg2 b3 45. Ra8 b2 46. Rb8 Kc4 47. Kf1 Kd3 48. h4 e3 49. g4 e2+ 50. Ke1 Bc3+ 0-1

[Event "*** SCC Grand Prix: Titled Tuesday Blitz"]
[Site "Chess.com"]
[Date "2020.07.07"]
[Round "7"]
[White "dennisodessa"]
[Black "Matols"]
[Result "1-0"]
[WhiteElo "2445"]
[BlackElo "2194"]
[TimeControl "180+1"]
[EndTime "11:19:56 PDT"]
[Termination "dennisodessa won by resignation"]

1. d4 Nf6 2. c4 e6 3. Nc3 Bb4 4. Qc2 d5 5. a3 Bxc3+ 6. Qxc3 O-O 7. Bg5 h6 8. Bxf6 Qxf6 9. Nf3 c5 10. cxd5 cxd4 11.
Qxd4 Qxd4 12. Nxd4 Rd8 13. Rc1 Na6 14. e3 Rxd5 15.
Be2 Bd7 16. Bf3 Rc5 17. O-O Rb8 18. Rxc5 Nxc5 19. Rc1 b6 20. b4 Nd3 21. Rc7 Rc8 22.
Rxc8+ Bxc8 23. Nc6 Kf8 24. Nxa7 Bd7 25. Be2 Ne5 26.
Nb5 Ke7 27. Kf1 Bc6 28. Nd4 Bd5 29. g3 Nc4 30. Bxc4 Bxc4+ 31. Ke1 Kd6 32. Kd2 g6 33.
Kc3 Bd5 34. Nb5+ Kc6 35. a4 e5 36. Na3 f5 37. f4 exf4 38. exf4 g5 39. Kd4 Bb3 40.
a5 bxa5 41. bxa5 gxf4 42. gxf4 Bd1 43. Ke5 Bg4 44. Nc4 Kb5 45. Ne3 Bh3 46. Nxf5 h5 47. Ng7 Bg4 48. f5 Kxa5 49. f6 1-0

[Event "*** SCC Grand Prix: Titled Tuesday Blitz"]
[Site "Chess.com"]
[Date "2020.07.07"]
[Round "7"]
[White "chito89"]
[Black "aleksandrovaleksei"]
[Result "1-0"]
[WhiteElo "2818"]
[BlackElo "2665"]
[TimeControl "180+1"]
[EndTime "11:19:57 PDT"]
[Termination "chito89 won by resignation"]

1. e4 e5 2. Nf3 Nc6 3. Bb5 Nf6 4. d3 d6 5. O-O Bd7 6. c4 g6 7. Nc3 Bg7 8. Nd5 Nxd5 9. cxd5 Ne7 10. Bxd7+ Qxd7 11. Bg5 O-O 12. Rc1 f6 13. Be3 h6 14. Qb3 b6 15. d4 Kh7 16. dxe5 dxe5 17. Rfd1 Nc8 18. Qc3 Rf7 19. Qc6 Rb8 20. Qxd7 Rxd7 21. Nd2 Nd6 22.
f3 f5 23. Rc6 Rf8 24. Rdc1 Rff7 25. Nc4 Nxc4 26. R1xc4 a5 27. Re6 Rfe7 28. Rcc6 Rxe6 29. Rxe6 fxe4 30. fxe4 g5 31. Bd2 Kg8 32. Bc3 Kf7 33. Bxe5 Bxe5 34. Rxe5 c6 35. Kf2 cxd5 36. exd5 Kf6 37.
Re6+ Kf5 38. Rxh6 Rxd5 39. Rxb6 Ke4 40. Ke2 Rf5 41. Re6+ Kd4 42. Re3 Rb5 43. Rd3+ Ke4 44. Rb3 Rc5 45. Rc3 Rb5 46. Rc4+ Ke5 47. b3 Rd5 48. Ra4 Kf5 49. h4 g4 50. g3 Re5+ 51.
Kd3 Rd5+ 52. Rd4 1-0

[Event "*** SCC Grand Prix: Titled Tuesday Blitz"]
[Site "Chess.com"]
[Date "2020.07.07"]
[Round "7"]
[White "LedakovAlexandr"]
[Black "DenisQ"]
[Result "0-1"]
[WhiteElo "2492"]
[BlackElo "2661"]
[TimeControl "180+1"]
[EndTime "11:19:58 PDT"]
[Termination "DenisQ won by resignation"]

1. Nf3 Nf6 2. d4 d5 3. c4 c6 4. Qc2 dxc4 5. Qxc4 Bf5 6. g3 Nbd7 7. Bg2 e6 8. O-O Be7 9. Nc3 O-O 10. Re1 Ne4 11.
Qb3 Qb6 12. Nh4 Bxh4 13. gxh4 Nef6 14. e4 Bg6 15. Bf4 Rfe8 16. Rad1 e5 17. Qxb6 axb6 18. dxe5 Nxe5 19. Bxe5 Rxe5 20. f4 Re7 21. e5 Nh5 22. Rd4 c5 23. Nd5 cxd4 24. Nxe7+ Kf8 25. Nd5 Bc2 26.
Bf3 g6 27. Bxh5 gxh5 28. Re2 d3 29. Rd2 Rxa2 30. b4 Ra1+ 31. Kf2 Rh1 32. Ke3 Kg7 33.
f5 Rg1 34. Kf2 Rg4 35. Kf3 Rxh4 36. e6 fxe6 37. fxe6 Rd4 38. e7 Kf7 39. Ne3 Rxb4 40. Nf5 Rb1 41. Ke3 Re1+ 42. Kd4 Re2 43. e8=Q+ Kxe8 44. Nd6+ Kd7 45. Ne4 Rxd2 46. Nxd2 Kc6 47. h4 b5 48. Kc3 Kd5 49. Nf1 Ke4 50. Ng3+ Ke3 51. Nf5+ Ke2 52. Nd4+ Kf2 53. Nxc2 dxc2 54. Kxc2 Kg3 55. Kc3 Kxh4 56. Kb4 Kg3 57. Kxb5 h4 58. Kb6 h3 59. Kxb7 h2 60. Kc7 h1=Q 61. Kd8 Qe4 62.
Kd7 h5 63. Kd6 h4 64. Kc7 h3 65. Kb6 h2 66. Kc7 h1=Q 67. Kb6 Qc1 68. Ka5 Qb7 0-1

[Event "*** SCC Grand Prix: Titled Tuesday Blitz"]
[Site "Chess.com"]
[Date "2020.07.07"]
[Round "7"]
[White "Omk124"]
[Black "Makswolf200817"]
[Result "1/2-1/2"]
[WhiteElo "2383"]
[BlackElo "2501"]
[TimeControl "180+1"]
[EndTime "11:19:58 PDT"]
[Termination "Game drawn by repetition"]

1. e4 e6 2. d4 d5 3. Nd2 c5 4.
exd5 exd5 5. Ngf3 a6 6. dxc5 Bxc5 7.
Nb3 Bb6 8. Bd3 Nf6 9. O-O O-O 10.
Bg5 h6 11. Bh4 Nc6 12. c3 Bg4 13. h3 Bh5 14. Be2 g5 15. Bg3 Ne4 16. Nfd4 Bg6 17. Bh2 Qd7 18. Bh5 Rae8 19. a4 Kg7 20. Nxc6 bxc6 21.
Nd4 f5 22. a5 Ba7 23. Bxg6 Kxg6 24. Qa4 Rf6 25. Rad1 f4 26. Rfe1 Qc8 27. Qc2 Kg7 28.
f3 Nd6 29. Kh1 Nc4 30. Rxe8 Qxe8 31. Nf5+ Kg8 32. Bg1 Bxg1 33. Kxg1 Qe5 34. Nd4 Ne3 35. Qe2 c5 36. Nc2 Re6 37. Nxe3 fxe3 38. Rc1 Kg7 39.
Rd1 h5 40. Kh1 Kh6 41. Kg1 h4 42. Rd3 d4 43. cxd4 cxd4 44. b4 Qb5 45. Qa2 Rd6 46.
Rxd4 Rxd4 47. Qe6+ Kg7 48. Qe7+ Kg8 49. Qe6+ Kf8 50.
Qf6+ Ke8 51. Qxd4 Qe2 52. Qe5+ Kd7 53. Qd5+ Ke7 54. Qe5+ Kd7 55. Qd5+ Kc8 56. Qc6+ Kd8 57. Qd5+ Kc7 58. Qc5+ Kd7 59. Qd5+ 1/2-1/2

[Event "*** SCC Grand Prix: Titled Tuesday Blitz"]
[Site "Chess.com"]
[Date "2020.07.07"]
[Round "7"]
[White "Karina_Ivanova"]
[Black "awesomevishesh"]
[Result "0-1"]
[WhiteElo "2218"]
[BlackElo "2372"]
[TimeControl "180+1"]
[EndTime "11:19:58 PDT"]
[Termination "awesomevishesh won by resignation"]

1. d4 Nf6 2. Nf3 g6 3. g3 Bg7 4. Bg2 O-O 5. O-O d6 6. c4 Nc6 7. Nc3 e5 8. d5 Nb8 9. e4 a5 10. Ne1 Na6 11. Nd3 Nd7 12. Be3 Ndc5 13. f3 f5 14. b3 Bd7 15. Qe2 Nxd3 16. Qxd3 Nc5 17. Qc2 f4 18. Bf2 h5 19. a3 g5 20. b4 axb4 21.
axb4 Rxa1 22. Rxa1 Na6 23. Rb1 g4 24. Qe2 Qf6 25.
gxf4 Qxf4 26. fxg4 Bxg4 27. Qe3 Qf6 28. c5 Bh6 29. Qe1 Bf3 30. Qf1 Qg6 31. Kh1 Bd2 32.
Rb3 Nxb4 33. Rxb4 Bxc3 34. Rb3 Bxg2+ 35. Qxg2 Qxg2+ 36. Kxg2 Bd4 37. Bxd4 exd4 38. cxd6 cxd6 39. Rxb7 Rf4 40. Rd7 Rxe4 41. Rxd6 Kf7 42. Rh6 h4 43.
Kh3 d3 44. Rh7+ Kg6 45. Rb7 d2 46. Rb1 Re1 0-1

[Event "*** SCC Grand Prix: Titled Tuesday Blitz"]
[Site "Chess.com"]
[Date "2020.07.07"]
[Round "7"]
[White "Nafania1"]
[Black "tk22h"]
[Result "0-1"]
[WhiteElo "2437"]
[BlackElo "2296"]
[TimeControl "180+1"]
[EndTime "11:19:59 PDT"]
[Termination "tk22h won by checkmate"]

1. e4 e5 2. Nf3 Nc6 3. Bb5 a6 4. Ba4 Nf6 5. O-O Be7 6. Re1 b5 7. Bb3 d6 8. c3 O-O 9. d4 Bg4 10.
Be3 exd4 11. cxd4 d5 12. e5 Ne4 13. h3 Bxf3 14. Qxf3 Na5 15. Bc2 f5 16. exf6 Nxf6 17. Nc3 c6 18. Qf5 Nc4 19. Bc1 Nd6 20. Qe6+ Rf7 21.
Bf4 Nde8 22. Qxc6 b4 23. Ne2 Rc8 24. Qa4 Bd6 25. Bd3 Bxf4 26. Nxf4 Qd6 27. Re5 Qc6 28.
Qxc6 Rxc6 29. Nxd5 Nxd5 30. Rxd5 Nf6 31. Rd8+ Rf8 32.
Rxf8+ Kxf8 33. a3 Rd6 34. axb4 Rxd4 35. Bxa6 Rxb4 36. Ra2 Rd4 37. Bf1 Ne4 38. Ra8+ Ke7 39. Ra7+ Kf6 40. Be2 Rd2 41. Bf3 Nxf2 42. b4 Nd3 43. b5 Rb2 44. Bc6 Ne5 45. Rb7 h5 46. Be4 g5 47. g3 Nc4 48. Rc7 Nd6 49. Rc6 Ke5 50. Bd3 g4 51. hxg4 hxg4 52. Bf1 Ne4 53. Rc8 Nxg3 54. Bc4 Ne4 55. Re8+ Kf4 56. Bd3 Ng5 57.
Re1 Nf3+ 58. Kf1 Nxe1 59. Kxe1 Ke3 60. Bc4 Rb1# 0-1

[Event "*** SCC Grand Prix: Titled Tuesday Blitz"]
[Site "Chess.com"]
[Date "2020.07.07"]
[Round "7"]
[White "Chessdreamer2020"]
[Black "sergiochess83"]
[Result "0-1"]
[WhiteElo "2598"]
[BlackElo "2833"]
[TimeControl "180+1"]
[EndTime "11:20:00 PDT"]
[Termination "sergiochess83 won on time"]

1. e4 c5 2. Nf3 d6 3. Bb5+ Nd7 4. d4 cxd4 5. Qxd4 a6 6. Be2 Ngf6 7. O-O e6 8. c4 Be7 9. Nc3 O-O 10. b3 b6 11.
Bb2 Bb7 12. Rfd1 Qc7 13. Rac1 Rfe8 14. b4 Rac8 15. a3 Bf8 16. h3 Qb8 17. Bf1 Qa8 18. Re1 Red8 19. Rcd1 Bc6 20. Qe3 Qb8 21. Nd4 Bb7 22.
f4 g6 23. f5 Re8 24. fxe6 fxe6 25. Nf3 Bg7 26. Rd2 Qc7 27. Red1 Bf8 28. Qf4 e5 29. Qe3 Qc6 30. Bd3 Qc7 31. Rf1 Qd8 32. Rdf2 Bg7 33. Ng5 Bh6 34. Bc1 Qe7 35. h4 Ng4 36.
Qg3 Nxf2 37. Rxf2 Rf8 38. c5 b5 39. Rxf8+ Rxf8 40. Nd5 Bxd5 41. exd5 Bxg5 42. Bxg5 Qf7 43. h5 Nf6 44. hxg6 hxg6 45. Bxf6 Qxf6 46. Bxg6 Qf1+ 0-1

[Event "*** SCC Grand Prix: Titled Tuesday Blitz"]
[Site "Chess.com"]
[Date "2020.07.07"]
[Round "7"]
[White "olksuna"]
[Black "ichangedmyname_yup"]
[Result "1-0"]
[WhiteElo "2623"]
[BlackElo "2407"]
[TimeControl "180+1"]
[EndTime "11:20:02 PDT"]
[Termination "olksuna won by resignation"]

1. e4 c5 2. Nf3 e6 3. d3 b6 4.
g3 Bb7 5. Bg2 d6 6. O-O Nd7 7.
c4 a6 8. Nc3 Ngf6 9. Re1 Qc7 10.
b3 Be7 11. d4 cxd4 12. Nxd4 O-O 13. Bb2 Rfe8 14. Rc1 Bf8 15. h3 Rad8 16. Kh2 Qb8 17. Qd2 g6 18. Rcd1 Bg7 19. Ba3 Nc5 20. Qc2 Ba8 21.
Bb2 Nh5 22. Nde2 b5 23. cxb5 axb5 24. b4 Nd7 25. a3 Ne5 26. Qb3 Nc4 27. Bc1 Qb6 28.
Kg1 Bc6 29. a4 Ne5 30. Nxb5 Bxb5 31. axb5 Qxb5 32. Nd4 Qb8 33. b5 Rc8 34. Bf1 Nd7 35. Ba3 Nc5 36. Qb1 Qa7 37. Bb4 Nxg3 38. fxg3 e5 39.
Nc6 Rxc6 40. bxc6 Nxe4+ 41. Kh1 Nxg3+ 42. Kg2 Nf5 43. Bxd6 Ne3+ 44. Rxe3 Qxe3 45. Qd3 Qg5+ 46. Qg3 Qd8 47. c7 Qc8 48. Qd3 e4 49. Qa6 Qe6 50. Bg3 e3 51. Qxe6 fxe6 52. Rd8 Kf7 53. Rxe8 Kxe8 54.
c8=Q+ Kf7 55. Bc4 1-0

[Event "*** SCC Grand Prix: Titled Tuesday Blitz"]
[Site "Chess.com"]
[Date "2020.07.07"]
[Round "7"]
[White "GuuBol"]
[Black "Love_craft"]
[Result "0-1"]
[WhiteElo "2254"]
[BlackElo "2425"]
[TimeControl "180+1"]
[EndTime "11:20:02 PDT"]
[Termination "Love_craft won by checkmate"]

1. e4 g6 2. d4 Bg7 3. Nf3 d6 4. c4 Nf6 5. Nc3 O-O 6. Be2 Nbd7 7. O-O e5 8. Be3 h6 9. Qd2 Ng4 10. d5 Nxe3 11. Qxe3 f5 12. Nd2 f4 13. Qd3 Nf6 14. b4 g5 15. c5 g4 16. Rfc1 Ne8 17. Nc4 Qg5 18. Bf1 h5 19. cxd6 cxd6 20. Nb5 Qg6 21.
Na5 Rf7 22. Rc2 h4 23. Rac1 Bd7 24. Nxb7 Rb8 25. N7xd6 Nxd6 26. Nxa7 Rxb4 27. Nc6 Ra4 28. Qb3 Ra8 29. a4 g3 30. fxg3 fxg3 31. hxg3 hxg3 32. Rc3 Nxe4 33. d6 Nxc3 34. Ne7+ Kh7 35. Nxg6 Kxg6 36. Rxc3 Raf8 37. Rxg3+ Kh7 38. Bd3+ Kh8 39. Rh3+ Bxh3 40. gxh3 e4 41. Bxe4 Bd4+ 42. Kg2 Rf2+ 43. Kg3 Rg8+ 44. Kh4 Bf6+ 45. Kh5 Rg5+ 46. Kh6 Rf4 47. Qb8+ Rg8 48. Bg6 Rh4+ 49. Bh5 Bg5# 0-1

[Event "*** SCC Grand Prix: Titled Tuesday Blitz"]
[Site "Chess.com"]
[Date "2020.07.07"]
[Round "7"]
[White "SzMM19"]
[Black "MrChampion_Coach"]
[Result "1-0"]
[WhiteElo "2567"]
[BlackElo "2410"]
[TimeControl "180+1"]
[EndTime "11:20:03 PDT"]
[Termination "SzMM19 won by resignation"]

1. e4 c5 2. Nf3 d6 3. Bb5+ Nd7 4. O-O Nf6 5. Re1 a6 6. Bf1 b5 7. c3 c4 8. a4 Bb7 9. d3 cxd3 10. Bxd3 bxa4 11.
Bg5 e6 12. Bc2 Be7 13. Nbd2 O-O 14. Bxa4 Nc5 15. Bc2 d5 16. e5 Nfe4 17. Bxe7 Qxe7 18. Nxe4 dxe4 19. Nd4 Qg5 20. b4 Nd3 21. Bxd3 exd3 22. g3 d2 23. Re2 Rac8 24. Ra3 Qd8 25. Rxd2 Qd5 26. f3 Qxe5 27. Kf2 Qh5 28. Kg1 e5 29. g4 Qh3 30. Nf5 Kh8 31. c4 Rxc4 32. Nd6 Bxf3 33. Rxf3 Qxg4+ 34. Rg3 Qf4 35. Nxc4 Qxc4 36. Rd8 Qxb4 37. Rxf8+ Qxf8 38. Rd3 Qc5+ 39. Kf1 g6 40. Rd5 Qc4+ 41. Qd3 Qf4+ 42. Kg1 Qxh2+ 43.
Kxh2 Kg7 44. Rd7 e4 45. Qd5 Kh6 46. Qxf7 Kg5 47. Kg3 h5 48. Rd5+ Kh6 49. Rd6 h4+ 50.
Kg4 1-0

[Event "*** SCC Grand Prix: Titled Tuesday Blitz"]
[Site "Chess.com"]
[Date "2020.07.07"]
[Round "7"]
[White "Yoshikrov"]
[Black "zmeeed67"]
[Result "1-0"]
[WhiteElo "2110"]
[BlackElo "2424"]
[TimeControl "180+1"]
[EndTime "11:20:03 PDT"]
[Termination "Yoshikrov won by resignation"]

1. e4 Nc6 2. d4 d5 3. e5 Bf5 4. c3 f6 5. exf6 gxf6 6. Nf3 Qd6 7. Bd3 Bg4 8. h3 Bh5 9. Be3 O-O-O 10.
Nbd2 e5 11. dxe5 fxe5 12. Bf5+ Kb8 13. g4 Bg6 14. Bxg6 hxg6 15. Qb3 Nf6 16. O-O-O Bg7 17. Bg5 Rdf8 18. Bxf6 Rxf6 19. Ne4 dxe4 20. Rxd6 Rxd6 21. Ng5 Bh6 22. f4 exf3 23. Qf7 Bxg5+ 24. Kc2 f2 25. Rf1 Rf6 26. Qg7 Rd8 27. h4 Bxh4 28. Qh6 Bg3 29. g5 Rff8 30. Qxg6 a6 31. Qe6 Rde8 32. Qg4 Bf4 33. Rxf2 Rg8 34. Qd7 Bxg5 35. Rf7 Rc8 36. Qf5 Bf4 37. a4 Rge8 38. Qe4 Rcd8 39. b4 Rd2+ 40.
Kb3 Rd6 41. b5 axb5 42. axb5 Na5+ 43. Kb4 b6 44. Rxf4 Rd4+ 45. cxd4 Rd8 46. dxe5 Rd1 47. Rf8+ 1-0

[Event "*** SCC Grand Prix: Titled Tuesday Blitz"]
[Site "Chess.com"]
[Date "2020.07.07"]
[Round "7"]
[White "Jbd735"]
[Black "YellowJacek"]
[Result "1-0"]
[WhiteElo "2432"]
[BlackElo "2254"]
[TimeControl "180+1"]
[EndTime "11:20:03 PDT"]
[Termination "Jbd735 won by resignation"]

1. e4 c5 2. Nf3 d6 3. d4 cxd4 4. Nxd4 Nf6 5. Nc3 g6 6. g3 Nc6 7.
Bg2 Nxd4 8. Qxd4 Bg7 9. O-O O-O 10. Qd3 Rb8 11. a4 Nd7 12. f4 Nc5 13. Qe3 a6 14. Kh1 b5 15. axb5 axb5 16. Ra7 b4 17. Nd5 Rb7 18. Rxb7 Bxb7 19. Nxb4 Qa8 20. Re1 e6 21.
Nd3 Na4 22. c3 d5 23. exd5 Bxd5 24. Bxd5 Qxd5+ 25. Qe4 Qb3 26. h4 Rd8 27. Qe2 h5 28. Ne5 Nc5 29. Kh2 Bxe5 30. fxe5 Qd5 31. Bg5 Nd3 32. Bxd8 Nxe1 33. Qxe1 Qxd8 34. b4 Qd3 35. Kg2 Kg7 36. Kf2 Qf5+ 37. Kg2 Qd3 38. Kh2 Kg8 39.
Kh3 Qf5+ 40. Kh2 Qf3 41. b5 Qd5 42. Qe2 Qc5 43. c4 Qb4 44. Kg2 Kg7 45. Kf3 Qc5 46. Ke4 Qb4 47. Kd4 Qa3 48. Qd3 Qb4 49. Qc3 Qb1 50.
Qa5 Qh1 51. Kc5 Qg1+ 52. Kd6 Qxg3 53. b6 Qd3+ 54. Kc5 Qe3+ 55. Kc6 Qe4+ 56. Kb5 Qb1+ 57.
Qb4 Qh1 58. c5 Qd5 59. Qc4 Qxe5 60. b7 Qc7 61. c6 f6 62. Qd4 e5 63. Qd7+ Kh6 64.
Qxc7 1-0

[Event "*** SCC Grand Prix: Titled Tuesday Blitz"]
[Site "Chess.com"]
[Date "2020.07.07"]
[Round "7"]
[White "seorobert1971"]
[Black "S-Fazulyanov"]
[Result "1-0"]
[WhiteElo "2703"]
[BlackElo "2545"]
[TimeControl "180+1"]
[EndTime "11:20:05 PDT"]
[Termination "seorobert1971 won by resignation"]

1. c4 e5 2. Nc3 Nc6 3. Nf3 d6 4.
g3 g6 5. Bg2 Bg7 6. O-O Nge7 7.
d3 O-O 8. Rb1 a5 9. a3 h6 10. b4 axb4 11. axb4 f5 12. Bd2 Be6 13.
Ne1 g5 14. b5 Na5 15. Nc2 c6 16. Nb4 f4 17. Ra1 Qd7 18. Ne4 cxb5 19. cxb5 Nb3 20. Rxa8 Rxa8 21. Bc3 Nf5 22. Bh3 Nfd4 23. Bxe6+ Qxe6 24. Bxd4 Nxd4 25. Nc2 d5 26. Nxd4 exd4 27. Nd2 Re8 28.
Re1 fxg3 29. hxg3 g4 30. Qb3 Qf5 31. Ne4 Rf8 32. Rf1 Kh7 33. Nd6 Qe6 34. Nxb7 Rb8 35.
Nc5 Qb6 36. Qxd5 Qxb5 37. Qe4+ Kh8 38. Ne6 Re8 39. Qxg4 Qd7 40. Qxg7+ Qxg7 41. Nxg7 Kxg7 42. Re1 Kg6 43. Kg2 Kg5 44. Kf1 Kg4 45. Ra1 Rc8 46.
Kg2 Rc2 47. f3+ Kf5 48. Kf2 Ke5 49. Ra6 h5 50. Ra5+ Ke6 51. Rxh5 Rc8 52. Rh4 Kd5 53. Re4 Rh8 54. g4 Rh2+ 55. Kg3 Rh1 56. g5 Rg1+ 57. Kf4 Rh1 58. Kf5 Rh8 59. g6 Rf8+ 60. Kg5 Rg8 61. Kf6 Rf8+ 62. Kg7 1-0

[Event "*** SCC Grand Prix: Titled Tuesday Blitz"]
[Site "Chess.com"]
[Date "2020.07.07"]
[Round "7"]
[White "Susal_De_Silva"]
[Black "AlexOstrovskiy"]
[Result "0-1"]
[WhiteElo "2352"]
[BlackElo "2642"]
[TimeControl "180+1"]
[EndTime "11:20:05 PDT"]
[Termination "AlexOstrovskiy won by resignation"]

1. e4 c6 2. d4 d5 3. Nc3 dxe4 4.
Nxe4 Nf6 5. Nxf6+ exf6 6. c3 Bd6 7.
Bd3 O-O 8. Ne2 Re8 9. Qc2 h5 10. Be3 Nd7 11. O-O-O Nf8 12. h3 Be6 13. b3 b5 14. g4 h4 15. Rhg1 Bd5 16. Nf4 Bxf4 17. Bxf4 Ne6 18. Be3 a5 19. f4 a4 20. b4 Qd6 21. Qf2 Re7 22. Qxh4 Nf8 23. Bd2 Bxa2 24. g5 f5 25. Bxf5 Qd5 26. Bc2 Bb3 27. g6 f6 28.
Rde1 Rxe1+ 29. Qxe1 Bxc2 30. Kxc2 a3 31. Qe7 Qa2+ 32.
Kd3 Qc4+ 33. Kc2 a2 34. Qf7+ Qxf7 35. gxf7+ Kxf7 36. Ra1 Ke6 37. Kb2 Kf5 38. Rxa2 Rxa2+ 39. Kxa2 Ng6 40. Kb3 Nxf4 41. Bxf4 Kxf4 42. c4 Ke4 43. d5 bxc4+ 44. Kxc4 cxd5+ 45. Kc5 d4 46. b5 d3 47. b6 d2 48. b7 d1=Q 49. b8=Q Qd4+ 50.
Kc6 Qd5+ 51. Kc7 Qe5+ 0-1

[Event "*** SCC Grand Prix: Titled Tuesday Blitz"]
[Site "Chess.com"]
[Date "2020.07.07"]
[Round "7"]
[White "Keithonsky"]
[Black "silverback96"]
[Result "1-0"]
[WhiteElo "2422"]
[BlackElo "2244"]
[TimeControl "180+1"]
[EndTime "11:20:05 PDT"]
[Termination "Keithonsky won by resignation"]

1. d4 d5 2. c4 e6 3. Nf3 Nf6 4.
g3 dxc4 5. Bg2 Nc6 6. O-O Rb8 7. e3 b5 8. Qe2 Bd6 9. Rd1 O-O 10. e4 Be7 11. a4 a6 12. axb5 axb5 13. Bf4 Nb4 14. Ne1 Bb7 15. Nc3 Qd7 16. g4 Rfd8 17. g5 Ne8 18. h4 Nd6 19. Bh3 Nd3 20. Nxd3 cxd3 21. Qxd3 b4 22. Nd5 Nxe4 23. Nxc7 Bd6 24. Bxd6 Qxd6 25. Nb5 Qf4 26. Qe3 Qxh4 27. Bg2 Nxg5 28.
d5 Bxd5 29. Rd4 Qh5 30. Rxb4 Bxg2 31. Kxg2 Nh3 32. Qxh3 Rxb5 33. Qxh5 Rxh5 34. Ra7 Rg5+ 35. Kf3 h6 36. Rbb7 Rf5+ 37. Ke3 Rdd5 38. f4 Rb5 39. b4 h5 40. Ra8+ Kh7 41. Rab8 Rxb7 42. Rxb7 h4 43. Kf3 h3 44. Kg3 h2 45. Kxh2 Rxf4 46. Kg3 Kg6 47. Kxf4 1-0